 Dungeon Crawl Stone Soup version 0.31-a0-640-g39d97e502b (webtiles) character file.

Game seed: 13855247753818275290

176 GordonOverkill the Sneak (level 5, -4/28 HPs)
             Began as a Vine Stalker Delver on Aug 28, 2023.
             Slain by a bullfrog (6 damage)
             ... on level 6 of the Dungeon.
             The game lasted 00:01:50 (125 turns).

GordonOverkill the Sneak (Vine Stalker Delver)       Turns: 125, Time: 00:01:50

Health: -4/28      AC:  3    Str: 17    XL:     5   Next: 56%
Magic:  0/6        EV: 12    Int: 10    God:
Gold:   0          SH:  0    Dex: 15    Spells: 4/4 levels left

rFire   . . .        a - +0 spear
rCold   . . .        (no shield)
rNeg    . . .        b - +0 leather armour
rPois   .            (no helmet)
rElec   .            (no cloak)
rCorr   .            (no gloves)
SInv    .            (no boots)
Will    .....        (no amulet)
Stlth   +++          (no ring)
HPRegen 1.04/turn    (no ring)
MPRegen 0.10/turn

%: guardian spirit
@: no status effects
A: fangs 2, regeneration 1, magic shield, antimagic bite, no potion heal 2
a: no special abilities


You were on level 6 of the Dungeon.
You visited 1 branch of the dungeon, and saw 2 of its levels.

Inventory:

Hand Weapons
 a - a +0 spear (weapon)
Armour
 b - a +0 leather armour (worn)
 i - a +0 ring mail
Talismans
 h - a beast talisman
Wands
 g - a wand of digging (3)
Scrolls
 c - a scroll of fog
 d - a scroll of revelation
Potions
 f - a potion of haste


   Skills:
 - Level 3.0 Fighting
 - Level 1.7 Polearms
 - Level 2.0 Dodging
 - Level 6.0 Stealth
 - Level 3.0 Unarmed Combat
 + Level 3.0 Shapeshifting


You had 4 spell levels left.
You didn't know any spells.
Your spell library was empty.

Dungeon Overview and Level Annotations

Branches:
Dungeon (6/15)
 Temple: D:4-7

Altars:

Annotations:
D:6 Dowan


Innate Abilities, Weirdness & Mutations

You have extremely sharp teeth.
Your natural rate of healing is unusually fast.
When hurt, damage is shared between your health and your magic reserves.
Your bite disrupts and absorbs the magic of your enemies.
Potions cannot restore your health.


Message History

A bullfrog comes into view.
Items here: )) [ ††††.
You are too injured to fight recklessly!
You are too injured to fight recklessly!
The bullfrog barely misses you.
You hit the bullfrog. Your punch misses the bullfrog.
The bullfrog is lightly wounded.
The bullfrog completely misses you. The bullfrog hits you.
* * * LOW HITPOINT WARNING * * *
You hit the bullfrog. Your bite misses the bullfrog.
The bullfrog is moderately wounded.
The bullfrog hits you.
* * * LOW HITPOINT WARNING * * *
You hit the bullfrog.
The bullfrog is severely wounded.
The bullfrog hits you.
* * * LOW HITPOINT WARNING * * *
The bullfrog closely misses you.
You closely miss the bullfrog. You bite the bullfrog. You drain its power.
You feel invigorated.
The bullfrog is severely wounded.
The bullfrog completely misses you.
You completely miss the bullfrog. Your bite misses the bullfrog.
The bullfrog is severely wounded.
The bullfrog hits you.
* * * LOW HITPOINT WARNING * * *
The bullfrog hits you.
You hit the bullfrog.
The bullfrog is almost dead.
The bullfrog misses you.
You barely miss the bullfrog.
The bullfrog is almost dead.
The bullfrog hits you!
* * * LOW HITPOINT WARNING * * *
The bullfrog hits you.
* * * LOW HITPOINT WARNING * * *
You barely miss the bullfrog.
The bullfrog is almost dead.
The bullfrog hits you.
You die...

.. .#. #..... .
#.#.! .. #.#.#....
........ .# #.(.
..#..# #########.#
..#..## ........).#
.......
#########@###......
#.F.......#
###<#.###. #.....#
#######.###.#
$..S$...# #######.#
#.. ....


You could see a bullfrog.

Vanquished Creatures
  Duvessa (D:6)
  A howler monkey (D:6)
  A jelly (D:6)
  An adder (D:6)
  An orc (D:6)
5 creatures vanquished.

Notes
Turn   | Place    | Note
-------+----------+-------------------------------------------
     0 | D:5      | GordonOverkill the Vine Stalker Delver began the quest for
                  | the Orb.
     0 | D:5      | Reached XP level 1. HP: 11/11 MP: 2/2
     1 | D:6      | Noticed Duvessa
    69 | D:5      | Noticed a phantom
    89 | D:6      | Noticed Dowan
    96 | D:6      | Noticed a howler monkey
   102 | D:6      | Noticed a jelly
   104 | D:6      | Killed Duvessa
   105 | D:6      | Reached XP level 2. HP: 7/16 MP: 0/3
   105 | D:6      | Reached XP level 3. HP: 9/20 MP: 0/4
   105 | D:6      | Gained mutation: Your natural rate of healing is unusually
                  | fast. [Vine Stalker growth]
   105 | D:6      | Reached XP level 4. HP: 11/24 MP: 0/5
   109 | D:6      | Reached XP level 5. HP: 14/28 MP: 1/6
   124 | D:6      | HP: 1/28 [bullfrog (4)]
   125 | D:6      | Slain by a bullfrog

Illustrated notes

Levels and vault maps discovered:
D:5:      layout_gridville, minmay_fractal_squares_5
D:6:      layout_loops_ring, lemuel_coloured_pillars_altar, uniq_duvessa,
          uniq_crazy_yiuf_cottage

Skill      XL: |  1  2  3  4  5 |
---------------+----------------+-----
Fighting       | 3 |  3.0
Dodging        | 2 |  2.0
Unarmed Combat | 2 3 |  3.0
Shapeshifting  | 2 3 |  3.0
Polearms       | |  1.7
Stealth        | |  6.0

Action                     |  1- 3 |  4- 6 || total
---------------------------+-------+-------++-------
  Melee: Unarmed           |     5 |     8 ||    13
         Spear             |       |    10 ||    10
         Bite              |       |     2 ||     2
    Use: Scroll            |     1 |       ||     1
   Stab: Confused          |       |     1 ||     1
 Armour: Skin              |     1 |     1 ||     2
  Dodge: Dodged            |     4 |    10 ||    14

Table legend: (Time is in decaauts)
 A = Elapsed time spent in this place.
 B = Non-inter-level travel time spent in this place.
 C = Inter-level travel time spent in this place.
 D = Time resting spent in this place.
 E = Time spent auto-exploring this place.
 F = Levels seen in this place.
 G = Mean time per level.
                   A        B        C        D        E       F      G
               +--------+--------+--------+--------+--------+-----+--------+
         Total |    125 |    125 |      0 |      3 |      0 |   2 |   62.5 |
       Dungeon |    125 |    125 |      0 |      3 |      0 |   2 |   62.5 |
               +--------+--------+--------+--------+--------+-----+--------+

Top non-repeatable levels by time:
     D:5: 77 daAuts
     D:6: 47 daAuts
